 Dungeon Crawl Stone Soup version 0.27-a0-577-ge2a43ba0c9 (webtiles) character file.

Game seed: 14021754712052687194

324 siradein the Distorting Demonspawn (level 6, 0/47 HPs)
             Began as a Demonspawn Abyssal Knight on Mar 10, 2021.
             Was a Believer of Lugonu.
             Slain by a sky beast (3 damage)
             ... on level 5 of the Dungeon.
             The game lasted 00:15:11 (6046 turns).

siradein the Distorting Demonspawn (DsAK)           Turns: 6046, Time: 00:15:12

Health: 0/47       AC:  5    Str: 13    XL:     6   Next: 23%
Magic:  10/10      EV: 11    Int: 15    God:    Lugonu [**....]
Gold:   186        SH:  0    Dex: 14    Spells: 5/5 levels left

rFire    + . .     SeeInvis .   a - +1 hand axe
rCold    . . .     Faith    .   (no shield)
rNeg     . . .     Spirit   .   i - +1 leather armour {rF+}
rPois    .         Reflect  .   k - +0 helmet
rElec    .         Harm     .   (no cloak)
rCorr    .         Rampage  .   (no gloves)
Will     +....                  (boots unavailable)
Stlth    +.........             (no amulet)
HPRegen  0.15/turn              n - ring of willpower
MPRegen  0.12/turn              (no ring)

@: no status effects
A: talons 3, big brain 1
a: Renounce Religion, Depart the Abyss, Bend Space


You were on level 5 of the Dungeon.
You worshipped Lugonu.
Lugonu was pleased with you.
You visited 1 branch of the dungeon, and saw 5 of its levels.
You visited the Abyss 1 time.

You collected 186 gold pieces.

Inventory:

Hand Weapons
 a - a +1 hand axe (weapon)
Armour
 i - a +1 leather armour of fire resistance (worn)
 k - a +0 helmet (worn)
Jewellery
 n - a ring of willpower (left hand)
Wands
 p - a wand of acid (10)
Scrolls
 c - a scroll of random uselessness {unknown}
 e - a scroll of enchant armour {unknown}
 f - 2 scrolls of fog
 g - a scroll of fear {unknown}
 l - a scroll of teleportation {unknown}
 r - a scroll of blinking {unknown}
 s - a scroll of magic mapping {unknown}
 t - a scroll of identify
Potions
 b - 4 potions of curing
 d - a potion of heal wounds
 h - a potion of might
 j - 2 potions of attraction
 m - 3 potions of flight
 o - a potion of lignification
 q - a potion of brilliance


   Skills:
 - Level 3.0 Fighting
 + Level 4.4 Axes
 - Level 1.7 Armour
 - Level 0.8 Dodging
 + Level 6.3 Invocations


You had 5 spell levels left.
You didn't know any spells.
Your spell library contained the following spells:

 Spells                   Type           Power      Damage    Failure   Level
 Corona                   Hex            0%         N/A       34%         1
 Ensorcelled Hibernation  Hex/Ice        0%         N/A       45%         2
 Confusing Touch          Hex            0%         N/A       71%         3
 Dazzling Flash           Conj/Hex       0%         N/A       71%         3
 Gell's Gravitas          Tloc           0%         N/A       71%         3
 Tukima's Dance           Hex            0%         N/A       71%         3
 Petrify                  Tmut/Erth      0%         N/A       98%         4
 Metabolic Englaciation   Hex/Ice        0%         N/A       100%        5
 Yara's Violent Unravell  Hex/Tmut       0%         3d3       100%        5


Dungeon Overview and Level Annotations

Branches:
Dungeon (5/15)
 Temple: D:4-7

Altars:
Cheibriados
Elyvilon
Yredelemnul


Innate Abilities, Weirdness & Mutations

You have claws for feet.
You have an unusually large brain. (Int +2)


Message History

You have reached level 6!
Your experience leads to an increase in your attributes!
Increase (S)trength, (I)ntelligence, or (D)exterity?
You feel stronger.
Magic restored.
A sky beast comes into view.
A sky beast is nearby!
The sky beast flickers out of sight!
Deactivating autopickup; reactivate with Ctrl-A.
Something hits you. Something shocks you.
You miss something. Something completely misses you.
Something hits you but does no damage.
You hit something. Something hits you. Something shocks you.
You closely miss something. You claw something.
Something hits you but does no damage.
You closely miss something. You claw something.
Something hits you but does no damage.
You miss something. Something hits you but does no damage.
You closely miss something. You claw something. Something hits you.
Something shocks you.
You barely miss something. Your kick misses something.
Something hits you but does no damage.
You hit something. Something hits you but does no damage.
You barely miss something. Something hits you but does no damage.
You hit something. Your kick misses something.
Something hits you but does no damage.
You hit something but do no damage. Something hits you. Something shocks you.
You closely miss something. Your kick misses something. Something hits you.
Something shocks you.
* * * LOW HITPOINT WARNING * * *
You hit something. Something hits you but does no damage.
You miss something. Your kick misses something.
A sky beast appears from thin air!
Reactivating autopickup.
The sky beast hits you.
* * * LOW HITPOINT WARNING * * *
The sky beast shocks you.
* * * LOW HITPOINT WARNING * * *
The sky beast hits you.
You die...

## #.. .. #.. #.
#### #######.. #.
#..#####..[.....
#.##.#.#.##.######.
#...........# #.
#..#.#.#.#### #.
#..#.....# #.
#.@###.### #. #.Y#
#.# #. ..... ..# #.
###...#..# #.
#.#.#.. ## #. .# #
#. .# #. .#


You could see a sky beast.

Vanquished Creatures
  A howler monkey (D:4)
  A bullfrog skeleton (D:4)
  An orc priest (D:4)
  2 gnolls
  4 adders
  An ooze (D:1)
  6 worms
  2 leopard geckos (D:1)
  9 orcs (D:4)
  A ball python (D:4)
  2 giant cockroaches
  7 goblins
  A hobgoblin (D:1)
  11 kobolds
  A quokka (D:4)
  9 bats
  8 frilled lizards
  A jackal skeleton (D:4)
  6 rats (D:1)
74 creatures vanquished.

Notes
Turn   | Place    | Note
-------+----------+-------------------------------------------
     0 | Abyss:1  | siradein the Demonspawn Abyssal Knight began the quest for
                  | the Orb.
     0 | Abyss:1  | Reached XP level 1. HP: 18/18 MP: 2/2
     8 | D:1      | Escaped the Abyss
   388 | D:1      | Reached skill level 3 in Invocations
   388 | D:1      | Gained mutation: You have sharp toenails. [demonic
                  | ancestry]
   388 | D:1      | Reached XP level 2. HP: 24/24 MP: 2/4
   655 | D:1      | Reached ** piety under Lugonu
   852 | D:1      | Gained mutation: You have an unusually large brain. (Int
                  | +2) [demonic ancestry]
   852 | D:1      | Reached XP level 3. HP: 28/29 MP: 5/5
  1594 | D:2      | Found a snail-covered altar of Cheibriados.
  2183 | D:2      | Reached skill level 4 in Invocations
  2456 | D:3      | Gained mutation: You have razor-sharp toenails. [demonic
                  | ancestry]
  2456 | D:3      | Reached XP level 4. HP: 15/35 MP: 7/7
  3566 | D:3      | Found a basalt altar of Yredelemnul.
  4123 | D:4      | Noticed a phantom
  4124 | D:4      | Reached skill level 5 in Invocations
  4124 | D:4      | Gained mutation: You have claws for feet. [demonic
                  | ancestry]
  4124 | D:4      | Reached XP level 5. HP: 37/41 MP: 8/8
  5346 | D:4      | Reached *** piety under Lugonu
  5356 | D:4      | Reached skill level 6 in Invocations
  5908 | D:5      | Entered Level 5 of the Dungeon
  5953 | D:5      | Noticed a phantom
  5956 | D:5      | Banished a phantom
  5957 | D:5      | Reached XP level 6. HP: 47/47 MP: 1/10
  6029 | D:5      | Noticed a sky beast
  6046 | D:5      | Slain by a sky beast

Illustrated notes

Levels and vault maps discovered:
D:1:      minmay_arrival_stone_box, layout_basic, minmay_pentomino_x4
D:2:      layout_loops_corners, serial_rivers, chequers_serial_rivers_micro_a,
          chequers_serial_rivers_small_a, chequers_serial_rivers_micro_c,
          chequers_serial_rivers_micro_a, chequers_serial_rivers_micro_a,
          cheibriados_altar_1
D:3:      layout_loops_cross, kennysheep_ying_yang
D:4:      cheibrodos_helix_gallery, layout_basic
D:5:      layout_loops_ring, chequers_temple_overflow_minitemple,
          amcnicky_mini_pool_small

Skill      XL: |  1  2  3  4  5 |
---------------+----------------+-----
Axes           | 2 3 4 |  4.4
Invocations    | 3 4 5 6 |  6.3
Fighting       | |  3.0
Armour         | |  1.7
Dodging        | |  0.8

Action                   |  1- 3 |  4- 6 || total
-------------------------+-------+-------++-------
Melee: Hand axe          |   123 |   158 ||   281
       Kick              |    21 |    36 ||    57
Invok: Banish            |       |     2 ||     2
  Use: Scroll            |       |     8 ||     8
 Stab: Sleeping          |       |     2 ||     2
       Distracted        |       |     1 ||     1
Armor: Leather armour    |    26 |    48 ||    74
       Scale mail        |    14 |       ||    14
Dodge: Dodged            |    79 |    60 ||   139

Table legend: (Time is in decaauts)
 A = Elapsed time spent in this place.
 B = Non-inter-level travel time spent in this place.
 C = Inter-level travel time spent in this place.
 D = Time resting spent in this place.
 E = Time spent auto-exploring this place.
 F = Levels seen in this place.
 G = Mean time per level.
                   A        B        C        D        E       F      G
               +--------+--------+--------+--------+--------+-----+--------+
         Total |   6090 |   5910 |    180 |    584 |   4355 |   6 | 1015.0 |
       Dungeon |   6082 |   5902 |    180 |    584 |   4355 |   5 | 1216.4 |
         Abyss |      8 |      8 |      0 |      0 |      0 |   1 |    8.0 |
               +--------+--------+--------+--------+--------+-----+--------+

Top non-repeatable levels by time:
     D:4: 1855 daAuts
     D:3: 1662 daAuts
     D:1: 1260 daAuts
     D:2: 1166 daAuts
     D:5: 138 daAuts
 Abyss:1: 8 daAuts
